 Dungeon Crawl Stone Soup version 0.32-a0-918-g0f22ef8d61 (webtiles) character file.

Game seed: 4045476315503364134

6626 Fodor the Cleaver (level 10, -10/91 HPs)
             Began as a Minotaur Fighter on Apr 11, 2024.
             Was an Initiate of Gozag.
             Mangled by a vault guard
             ... wielding a +0 broad axe
              (17 damage)
             ... in a bailey.
             The game lasted 00:24:01 (6762 turns).

Fodor the Cleaver (Minotaur Fighter)                Turns: 6762, Time: 00:24:02

Health: -10/91     AC: 11    Str: 31    XL:     10   Next: 72%
Magic:  9/9        EV: 11    Int:  5    God:    Gozag
Gold:   1037       SH:  0    Dex: 10    Spells: 9/9 levels left

rFire   . . .        c - +0 hand axe (heavy)
rCold   . . .        (no shield)
rNeg    . . .        I - +2 swamp dragon scales
rPois   +            (helmet currently unavailable)
rElec   .            o - melded +2 cloak
rCorr   .            E - melded +0 pair of gloves
SInv    .            (boots currently unavailable)
Will    .....        z - amulet of the acrobat
Stlth   +            f - +4 ring of slaying
HPRegen 0.35/turn    l - +6 ring of strength
MPRegen 0.11/turn

%: acrobat
@: beast-form, gold aura, very slow
A: beast (slay +1), horns 2, retaliatory headbutt
a: Begin Untransformation, Renounce Religion, Potion Petition, Call Merchant,
Bribe Branch


You were in a bailey.
You worshipped Gozag.
Gozag was most pleased with you.
You were a hulking beast.
You visited 2 branches of the dungeon, and saw 10 of its levels.
You also visited: Bailey.

You collected 1114 gold pieces.
You spent 24 gold pieces at shops.
You paid 53 gold pieces to Gozag.

Inventory:

Hand Weapons
 c - a +0 heavy hand axe (weapon)
 w - a +4 dire flail
Missiles
 H - 4 javelins (quivered)
Armour
 o - a +2 cloak (melded)
 B - a +1 hat
 E - a +0 pair of gloves (melded)
 I - +2 swamp dragon scales (worn)
Jewellery
 f - a +4 ring of slaying (left hand)
 l - a +6 ring of strength (right hand)
 z - an amulet of the acrobat (around neck)
 M - a ring of flight
Talismans
 J - a beast talisman (active)
Wands
 b - a wand of mindburst (6)
 q - a wand of flame (22)
 A - a wand of charming (10)
 G - a wand of roots (13)
Scrolls
 j - 3 scrolls of revelation {unknown}
 m - 4 scrolls of vulnerability {unknown}
 n - 2 scrolls of enchant armour {unknown}
 t - 2 scrolls of poison {unknown}
 v - 2 scrolls of blinking
 C - a scroll of immolation
 D - 3 scrolls of teleportation {unknown}
 F - a scroll of amnesia
Potions
 d - a potion of might
 e - a potion of ambrosia
 g - a potion of degeneration {unknown}
 h - a potion of haste {unknown}
 i - 4 potions of curing
 r - a potion of mutation {unknown}
 s - a potion of cancellation {unknown}
 u - 2 potions of heal wounds {unknown}
 x - 2 potions of brilliance {unknown}
 K - a potion of magic {unknown}
 L - a potion of attraction {unknown}


   Skills:
 + Level 9.0 Fighting
 + Level 12.1(12.5) Axes
 + Level 4.9(9.3) Maces & Flails
 + Level 0.5 Ranged Weapons
 + Level 3.4 Throwing
 + Level 8.4 Armour
 + Level 4.4 Dodging
 + Level 2.3 Stealth
 + Level 5.7 Shields
 + Level 2.0 Shapeshifting


You had 9 spell levels left.
You didn't know any spells.
Your spell library contained the following spells:

 Spells                   Type           Power      Damage    Failure   Level
 Apportation              Tloc           0%         N/A       56%         1
 Necrotise                Necr           0%         1d4       56%         1
 Sting                    Conj/Alch      0%         1d3       56%         1
 Summon Small Mammal      Summ           0%         N/A       56%         1


Dungeon Overview and Level Annotations

Branches:
Dungeon (9/15)             Temple (1/1) D:4            Lair (0/5) D:8
 Bailey (1/1)
    Orc: D:9-12

Altars:
Ashenzari
Cheibriados
Dithmenos
Elyvilon
Fedhas
Gozag
Hepliaklqana
Kikubaaqudgha
Makhleb
Nemelex Xobeh
Qazlal
Sif Muna
Trog
Uskayaw
Vehumet
Wu Jian
Xom
Zin
The Shining One

Shops:
D:1 *   D:5 *   D:9 [

Annotations:
D:8 Maurice, Psyche
D:9 jfitz's ghost, novice DsBe


Innate Abilities, Weirdness & Mutations

You are a hulking beast.
Your limbs bulge with bestial killing power. (Slay +1)
You have a pair of horns on your head.
You reflexively headbutt those who attack you in melee.


Message History

You slash the blink frog! Your headbutt misses the blink frog.
The blink frog is heavily wounded.
The blink frog hits you but does no damage.
The blink frog hits you.
The blink frog blinks!
The blink frog is distracted by your dazzling golden aura.
Found a gate leading back out of this place.
You enter the shallow water.
Moving in this stuff is going to be slow.
The vault guard misses you. You furiously retaliate!
You headbutt the vault guard!
Your unstable footing causes you to fumble your attack.
The vault guard hits you with a +0 broad axe!
The blink frog gives a loud, deep croak!
You slice the vault guard!! You headbutt the vault guard!
The vault guard is severely wounded.
The vault guard hits you with a +0 broad axe!
Your unstable footing causes you to fumble your attack.
The blink frog is no longer distracted by gold.
The vault guard hits you with a +0 broad axe!!
You closely miss the vault guard.
The vault guard is severely wounded.
You slash the blink frog!
The blink frog hits you but does no damage.
The vault guard hits you with a +0 broad axe!
You barely miss the vault guard. You headbutt the vault guard!
The vault guard is severely wounded.
You closely miss the blink frog. The blink frog barely misses you.
The blink frog closely misses you.
The vault guard hits you with a +0 broad axe!!
* * * LOW HITPOINT WARNING * * *
You completely miss the vault guard.
The vault guard is severely wounded.
You slice the blink frog!!
You kill the blink frog!
The vault guard hits you but does no damage.
Your Fighting skill increases to level 9!
Your unstable footing causes you to fumble your attack.
The vault guard hits you with a +0 broad axe!
You die...
Your body crumbles into a pile of gold.

.######..###≈≈≈≈≈###
.'....#)##≈≈~~~~~≈≈##
##..)...#≈~~~~~~~~~≈##
#.....).##≈~~~~~~~~~≈#
...#######≈~.~.~~..~# #
..##..#≈≈≈~$.....~.# ...
...#..#$.$$.....~..#....
...#..$$$~~~~...p..'..∩.
#.....#~~≈≈≈≈~~.h~.#...
##....#≈≈####≈≈~$..#
######### ###≈~..~#
##≈.~~~# #≈.~~## #≈.~##
+.### ###


You could see a vault guard.

Vanquished Creatures
  Joseph (D:7)
  Maggie (D:7)
  A komodo dragon (D:8)
  A kobold demonologist (D:9)
  A blink frog (Bailey)
  Prince Ribbit (D:7)
  2 wyverns
  2 humans (Bailey)
  2 yaks (D:8)
  Menkaure (D:7)
  2 acid dragons (D:8)
  2 water moccasins (D:8)
  2 orc warriors
  Duvessa (D:7)
  An ice beast (D:7)
  A sky beast (D:7)
  4 black bears
  An ogre (D:4)
  A centaur (D:5)
  A phantom (D:6)
  2 kobold brigands (D:8)
  15 bullfrogs
  5 scorpions
  4 wights (D:8)
  Dowan (D:7)
  8 howler monkeys
  A bombardier beetle (D:3)
  5 orc priests
  A jelly (D:7)
  A hound (D:7)
  2 iguanas
  A sleepcap (D:6)
  Natasha (thrice) (D:2)
  2 orc wizards (D:5)
  Robin (D:4)
  2 gnolls (Bailey)
  7 adders
  2 white imps
  9 ribbon worms
  A dart slug (D:4)
  14 orcs
  3 bats
  4 endoplasms
  A giant cockroach (D:3)
  22 goblins
  11 hobgoblins
  7 jackals
  2 quokkas
  12 ball pythons
  3 frilled lizards
  18 kobolds
  2 rats (D:3)
201 creatures vanquished.

Vanquished Creatures (others)
  An arcanist (D:8)
1 creature vanquished.

Grand Total: 202 creatures vanquished

Notes
Turn   | Place    | Note
-------+----------+-------------------------------------------
     0 | D:1      | Fodor the Minotaur Fighter began the quest for the Orb.
     0 | D:1      | Reached XP level 1. HP: 19/19 MP: 0/0
   200 | D:1      | Reached XP level 2. HP: 27/27 MP: 1/1
   200 | D:1      | Found a faded altar of an unknown god.
   308 | D:1      | Found Buvun's General Store.
   417 | D:1      | Bought a scroll of identify for 24 gold pieces
   832 | D:2      | Reached skill level 3 in Axes
   888 | D:2      | Reached XP level 3. HP: 33/33 MP: 2/2
   964 | D:2      | Noticed Natasha
   967 | D:2      | Killed Natasha
   986 | D:2      | Noticed Natasha
   997 | D:2      | Killed Natasha
   998 | D:2      | Reached XP level 4. HP: 34/41 MP: 3/3
  1025 | D:2      | Noticed Natasha
  1032 | D:2      | Killed Natasha
  1033 | D:2      | Reached skill level 1 in Dodging
  1530 | D:3      | Reached skill level 4 in Axes
  1530 | D:3      | Reached XP level 5. HP: 39/47 MP: 4/4
  1782 | D:3      | You fall into a shaft and drop 2 floors!
  1782 | D:5      | Entered Level 5 of the Dungeon
  1802 | D:4      | Reached skill level 5 in Axes
  1849 | D:4      | Reached XP level 6. HP: 55/55 MP: 5/5
  2067 | D:4      | Reached skill level 5 in Fighting
  2072 | D:4      | Reached skill level 6 in Axes
  2118 | D:3      | Found a hazy altar of Hepliaklqana.
  2541 | D:4      | Noticed Robin
  2562 | D:4      | Killed Robin
  2647 | D:4      | Found a staircase to the Ecumenical Temple.
  2672 | Temple   | Entered the Ecumenical Temple
  2694 | Temple   | Became a worshipper of Gozag Ym Sagoz the Greedy
  2873 | D:5      | Noticed a wyvern
  2877 | D:5      | Killed a wyvern
  2878 | D:5      | Reached skill level 5 in Armour
  2878 | D:5      | Reached skill level 1 in Stealth
  2878 | D:5      | Reached XP level 7. HP: 38/61 MP: 6/6
  2927 | D:5      | Reached skill level 1 in Throwing
  2983 | D:5      | Reached skill level 7 in Axes
  3087 | D:5      | Found Putyuzid's Overcharged Wands.
  3526 | D:6      | Reached XP level 8. HP: 62/70 MP: 7/7
  3896 | D:6      | Reached skill level 8 in Axes
  4389 | D:7      | Noticed Joseph
  4390 | D:7      | Noticed Maggie
  4404 | D:7      | Killed Maggie
  4405 | D:7      | Reached skill level 9 in Axes
  4405 | D:7      | Reached skill level 5 in Shields
  4411 | D:7      | Killed Joseph
  4412 | D:7      | Reached XP level 9. HP: 52/78 MP: 8/8
  4522 | D:7      | Noticed Prince Ribbit
  4535 | D:7      | Killed Prince Ribbit
  4588 | D:7      | Reached skill level 10 in Axes
  4781 | D:7      | Noticed Dowan
  4782 | D:7      | Noticed Duvessa
  4786 | D:7      | Killed Duvessa
  4788 | D:7      | Killed Dowan
  4957 | D:7      | Noticed Menkaure
  4962 | D:7      | Killed Menkaure
  5180 | D:7      | Found a glowing silver altar of Zin.
  5443 | D:8      | Reached skill level 11 in Axes
  5583 | D:8      | Reached skill level 1 in Shapeshifting
  5623 | D:8      | Reached XP level 10. HP: 77/88 MP: 9/9
  5722 | D:8      | Noticed Psyche
  5899 | D:8      | Found a staircase to the Lair.
  6100 | D:8      | Reached skill level 12 in Axes
  6140 | D:8      | Found a bloodstained altar of Trog.
  6142 | D:8      | Noticed a wizard
  6147 | D:8      | Killed a wizard
  6201 | D:8      | Noticed Maurice
  6214 | D:8      | Something stole a serpent talisman
  6229 | D:8      | Something stole an amulet of guardian spirit
  6231 | D:8      | Something stole a +0 buckler
  6237 | D:8      | Something stole a +0 orcbow of flaming
  6279 | D:9      | HP: 4/90 [ynoxinul/iron shot[a kobold demonologist] (33)]
  6281 | D:9      | Reached skill level 1 in Maces & Flails
  6286 | D:9      | Noticed jfitz's ghost (novice DsBe)
  6440 | D:9      | Found Weaj's Antique Armour Shop.
  6467 | D:9      | Found a flagged portal.
  6486 | Bailey   | Entered a bailey
  6751 | Bailey   | Noticed a vault guard
  6762 | Bailey   | Mangled by a vault guard

Illustrated notes

Levels and vault maps discovered:
D:1:      tekkud_arrival_beachfront_property, layout_basic, serial_shops, shop,
          hellmonk_ecumenical_altar_arch_garden, minmay_hexomino_f4
D:2:      layout_loops_ring, minmay_misc_feat_doors, minmay_misc_feat_hallway,
          due_unseen_surprise, uniq_natasha
D:3:      layout_basic, worldfamousw_hep_ancestral_shrine
D:4:      layout_rooms, temple_fountains, nicolae_wormholes, uniq_robin
D:5:      layout_basic, nicolae_shop_overcharged_wands
D:6:      layout_basic
D:7:      layout_basic, marbit_many_paths, mrwooster_statue_mirror,
          uniq_menkaure, uniq_duvessa, uniq_prince_ribbit1, uniq_maggie,
          uniq_joseph
D:8:      lemuel_ratsnest, layout_rooms, kennysheep_okawaru_gauntlet,
          trog_wizard, due_lair_maze_entry_diamond, kennysheep_path_1,
          feat_on_display, uniq_maurice, uniq_psyche
D:9:      layout_long_grid, lemuel_doored_altar, serial_shops,
          nicolae_shop_statue_plus, nicolae_shop_statue_plus,
          nicolae_shop_tiny_statue_garden, shop, nicolae_shop_real_fake_doors,
          enter_bailey_3, hellmonk_ghost_big_iron
Temple:   regret_index_temple_sphere_string
Bailey:   bailey_axe_froggy_fort_hellmonk, bailey

Skill      XL: |  1  2  3  4  5  6  7  8  9 10 |
---------------+-------------------------------+-----
Shields        | 4 5 |  5.7
Axes           | 3 4 5 6 7 9 11 12 | 12.1
Armour         | 4 5 7 8 |  8.4
Fighting       | 4 5 6 7 9 |  9.0
Dodging        | 1 2 3 4 |  4.4
Stealth        | 1 2 |  2.3
Throwing       | 1 2 3 |  3.4
Shapeshifting  | 1 2 |  2.0
Maces & Flails | 4 |  4.9
Ranged Weapons | |  0.5

Action                     |  1- 3 |  4- 6 |  7- 9 | 10-12 || total
---------------------------+-------+-------+-------+-------++-------
  Melee: War axe           |    44 |   108 |   124 |    32 ||   308
         Headbutt          |    10 |    17 |    23 |    22 ||    72
         Dire flail        |       |       |       |    74 ||    74
         Hand axe          |       |       |       |    22 ||    22
         Unarmed           |       |       |       |     1 ||     1
   Fire: Orcbow            |       |       |       |     6 ||     6
  Throw: Javelin           |       |    13 |    11 |       ||    24
         Throwing net      |       |       |     3 |       ||     3
         Boomerang         |       |       |     8 |       ||     8
    Use: Scroll            |     1 |     1 |     3 |     1 ||     6
         Potion            |       |       |       |     2 ||     2
   Stab: Distracted        |       |     1 |       |       ||     1
 Armour: Scale mail        |    27 |    68 |    33 |       ||   128
         Chain mail        |       |       |    22 |       ||    22
         Swamp dragon scal |       |       |    22 |   107 ||   129
         Skin              |       |       |       |     1 ||     1
  Dodge: Dodged            |    27 |    43 |    74 |    83 ||   227
  Block: Buckler           |    12 |    25 |    24 |     5 ||    66
   Form: Beast             |       |       |     1 |       ||     1

Table legend: (Time is in decaauts)
 A = Elapsed time spent in this place.
 B = Non-inter-level travel time spent in this place.
 C = Inter-level travel time spent in this place.
 D = Time resting spent in this place.
 E = Time spent auto-exploring this place.
 F = Levels seen in this place.
 G = Mean time per level.
                   A        B        C        D        E       F      G
               +--------+--------+--------+--------+--------+-----+--------+
         Total |   6809 |   6675 |    134 |    651 |   3709 |  11 |  619.0 |
       Dungeon |   6489 |   6355 |    134 |    536 |   3699 |   9 |  721.0 |
        Temple |     45 |     45 |      0 |      0 |      0 |   1 |   45.0 |
        Bailey |    275 |    275 |      0 |    115 |     10 |   1 |  275.0 |
               +--------+--------+--------+--------+--------+-----+--------+

Top non-repeatable levels by time:
     D:7: 1100 daAuts
     D:8: 846 daAuts
     D:6: 794 daAuts
     D:2: 764 daAuts
     D:1: 741 daAuts
     D:5: 722 daAuts
     D:4: 663 daAuts
     D:3: 638 daAuts
  Bailey: 275 daAuts
     D:9: 218 daAuts
  Temple: 45 daAuts
